General information
- name: BNet
- type: Ladder team game (AT/RT)
- host: Battle.net
- saver: nub-dub
map: GnollWood
- players: 6
- length: 33:30
- speed: Fast
- version: 1.24 W3XP
- replay type: Public
» download(192 KB)
Players
team 1 (loser)
60cent (
orange | 43 APM | 1434 actions | 33:25)
7 Archmage
3 Summon Water Elemental
2 Brilliance Aura
1 Mass Teleport
1 Blizzard
» actions
| Assign group hotkey | 2 | |
| Basic commands | 254 | |
| Build / train | 104 | |
| ESC pressed | 1 | |
| Enter build submenu | 25 | |
| Enter hero's abilities submenu | 7 | |
| Remove unit from queue | 8 | |
| Right click | 488 | |
| Select / deselect | 426 | |
| Select group hotkey | 1 | |
| Use ability | 116 | |
1434 total
» units
| Peasant | 8 | |
| Footman | 1 | |
| Rifleman | 28 | |
| Sorceress | 7 | |
| Spell Breaker | 13 | |
| Priest | 3 | |
60 total
» upgrades
» buildings
| Altar of Kings | 1 | |
| Farm | 14 | |
| Scout Tower | 2 | |
| Arcane Tower | 2 | |
| Barracks | 1 | |
| Lumber Mill | 1 | |
| Blacksmith | 1 | |
| Arcane Vault | 1 | |
| Guard Tower | 3 | |
| Keep | 2 | |
| Arcane Sanctum | 1 | |
| Workshop | 1 | |
| Castle | 3 | |
33 total
» build order
00:17 Altar of Kings
00:21 Farm
01:04 Scout Tower
01:32 Arcane Tower
01:37 Barracks
02:06 Farm
02:12 Lumber Mill
02:39 Scout Tower
02:44 Blacksmith
02:49 Arcane Vault
03:05 Farm
03:11 Farm
03:26 Guard Tower
03:27 Guard Tower
04:29 Keep
04:29 Keep
06:41 Farm
07:27 Arcane Sanctum
07:49 Farm
11:19 Workshop
12:52 Farm
14:04 Farm
14:36 Farm
15:04 Farm
15:34 Farm
15:40 Castle
15:41 Castle
21:07 Farm
23:16 Farm
23:59 Farm
» items
| Scroll of Regeneration | 3 | |
| Scroll of Town Portal | 3 | |
| Scroll of Healing | 1 | |
| Boots of Speed | 1 | |
| Potion of Lesser Invulnerability | 1 | |
9 total

»
gotonodoso (
pink | 48 APM | 1600 actions | 33:29)
5 Keeper of the Grove
2 Entangling Roots
3 Thorns Aura
» actions
| Assign group hotkey | 21 | |
| Build / train | 91 | |
| Enter build submenu | 31 | |
| Enter hero's abilities submenu | 6 | |
| Right click | 737 | |
| Select / deselect | 382 | |
| Select group hotkey | 252 | |
| Use ability | 80 | |
1600 total
» units
| Wisp | 20 | |
| Archer | 14 | |
| Huntress | 15 | |
| Hippogryph | 14 | |
| Dryad | 6 | |
| Druid of the Talon | 4 | |
73 total
» upgrades
| Ultravision | 1 | |
| Moon Armor | 2 | |
| Strength of the Moon | 2 | |
| Abolish Magic | 1 | |
| Hippogryph Taming | 1 | |
| Improved Bows | 1 | |
8 total
» buildings
| Moon Well | 11 | |
| Altar of Elders | 2 | |
| Ancient of War | 6 | |
| Hunter's Hall | 1 | |
| Tree of Ages | 1 | |
| Ancient of Wonders | 1 | |
| Ancient of Lore | 3 | |
| Ancient of Wind | 4 | |
| Tree of Eternity | 1 | |
| Tree of Life | 2 | |
32 total
» build order
00:11 Moon Well
00:16 Altar of Elders
01:10 Moon Well
01:37 Ancient of War
02:10 Hunter's Hall
02:29 Ancient of War
02:36 Moon Well
05:16 Tree of Ages
05:21 Ancient of Wonders
06:07 Moon Well
06:42 Moon Well
07:44 Ancient of Lore
07:49 Ancient of Wind
07:57 Ancient of Wind
14:04 Ancient of Lore
14:13 Ancient of Wind
14:18 Ancient of War
14:42 Ancient of War
14:47 Moon Well
14:51 Moon Well
19:33 Ancient of War
19:53 Ancient of War
19:57 Moon Well
20:28 Tree of Eternity
20:38 Ancient of Lore
20:51 Tree of Life
22:54 Ancient of Wind
27:01 Altar of Elders
28:36 Moon Well
29:04 Tree of Life
29:24 Moon Well
29:56 Moon Well
» items
| Scroll of Town Portal | 1 | |
| Potion of Healing | 1 | |
2 total
barebackmountin (
green | 79 APM | 2658 actions | 33:29)
8 Archmage
3 Summon Water Elemental
3 Brilliance Aura
1 Blizzard
1 Mass Teleport
» actions
| Assign group hotkey | 5 | |
| Build / train | 140 | |
| Enter build submenu | 29 | |
| Enter hero's abilities submenu | 8 | |
| Give item / drop item | 4 | |
| Remove unit from queue | 3 | |
| Right click | 1540 | |
| Select / deselect | 771 | |
| Select group hotkey | 7 | |
| Use ability | 150 | |
2658 total
» units
| Peasant | 15 | |
| Footman | 15 | |
| Knight | 18 | |
| Priest | 11 | |
| Siege Engine | 9 | |
68 total
» upgrades
| Swords | 2 | |
| Plating | 4 | |
| Lumber Harvesting | 2 | |
| Masonry | 2 | |
| Priest Training | 2 | |
| Barrage | 1 | |
| Gunpowder | 2 | |
| Armor | 2 | |
17 total
» buildings
| Altar of Kings | 1 | |
| Farm | 9 | |
| Barracks | 2 | |
| Scout Tower | 4 | |
| Arcane Tower | 3 | |
| Town Hall | 1 | |
| Arcane Vault | 1 | |
| Keep | 1 | |
| Lumber Mill | 1 | |
| Blacksmith | 1 | |
| Guard Tower | 2 | |
| Castle | 2 | |
| Arcane Sanctum | 1 | |
| Workshop | 3 | |
32 total
» build order
00:20 Altar of Kings
00:36 Farm
00:51 Barracks
01:12 Farm
01:45 Scout Tower
01:53 Farm
02:24 Arcane Tower
02:42 Farm
03:50 Town Hall
03:55 Scout Tower
04:04 Arcane Vault
04:33 Arcane Tower
05:11 Keep
05:18 Lumber Mill
05:43 Blacksmith
05:46 Farm
06:23 Barracks
06:42 Scout Tower
06:45 Scout Tower
07:29 Guard Tower
07:31 Guard Tower
07:49 Castle
07:49 Castle
08:42 Farm
08:56 Arcane Sanctum
09:00 Farm
09:58 Farm
21:16 Workshop
25:57 Workshop
25:57 Workshop
26:44 Farm
» items
| Scroll of Regeneration | 10 | |
| Potion of Healing | 7 | |
| Lesser Clarity Potion | 3 | |
| Potion of Mana | 4 | |
| Scroll of Town Portal | 2 | |
26 total
team 2 (winner)

»
iGank- (
yellow | 91 APM | 3043 actions | 33:30)
9 Keeper of the Grove
3 Entangling Roots
3 Thorns Aura
1 Tranquility
2 Force of Nature
» actions
| Assign group hotkey | 161 | |
| Basic commands | 50 | |
| Build / train | 94 | |
| Enter build submenu | 17 | |
| Enter hero's abilities submenu | 9 | |
| Remove unit from queue | 11 | |
| Right click | 1412 | |
| Select / deselect | 408 | |
| Select group hotkey | 809 | |
| Use ability | 72 | |
3043 total
» units
| Wisp | 16 | |
| Huntress | 12 | |
| Dryad | 8 | |
| Druid of the Talon | 6 | |
| Chimaera | 15 | |
| Druid of the Claw | 3 | |
60 total
» upgrades
| Strength of the Wild | 3 | |
| Druid of the Talon Training | 2 | |
| Reinforced Hides | 2 | |
| Corrosive Breath | 1 | |
| Druid of the Claw Training | 1 | |
9 total
» buildings
| Altar of Elders | 1 | |
| Moon Well | 7 | |
| Hunter's Hall | 1 | |
| Ancient of War | 2 | |
| Tree of Ages | 2 | |
| Ancient of Lore | 1 | |
| Ancient of Wind | 1 | |
| Tree of Eternity | 1 | |
| Chimaera Roost | 2 | |
| Tree of Life | 1 | |
19 total
» build order
00:11 Altar of Elders
00:20 Moon Well
01:28 Hunter's Hall
01:50 Ancient of War
02:04 Moon Well
02:06 Moon Well
02:23 Ancient of War
04:06 Moon Well
04:07 Moon Well
04:36 Tree of Ages
06:47 Moon Well
08:59 Ancient of Lore
09:01 Ancient of Wind
10:00 Tree of Eternity
12:11 Moon Well
12:28 Chimaera Roost
12:29 Chimaera Roost
27:39 Tree of Life
32:42 Tree of Ages
» items

»
WillskE (
blue | 49 APM | 1647 actions | 33:30)
8 Blademaster
3 Wind Walk
3 Critical Strike
1 Bladestorm
1 Mirror Image
5 Shadow Hunter
3 Healing Wave
2 Serpent Ward
» actions
| Assign group hotkey | 30 | |
| Basic commands | 40 | |
| Build / train | 85 | |
| ESC pressed | 9 | |
| Enter build submenu | 24 | |
| Enter hero's abilities submenu | 14 | |
| Give item / drop item | 3 | |
| Remove unit from queue | 1 | |
| Right click | 641 | |
| Select / deselect | 410 | |
| Select group hotkey | 285 | |
| Use ability | 104 | |
1647 total
» units
| Peon | 10 | |
| Grunt | 22 | |
| Wind Rider | 3 | |
| Troll Batrider | 2 | |
| Tauren | 8 | |
45 total
» upgrades
| Pillage | 1 | |
| Armor | 3 | |
| Melee Weapons | 3 | |
| Spiked Barricades | 2 | |
| Berserker Strength | 1 | |
| Ranged Weapons | 1 | |
| Envenomed Spears | 1 | |
| Pulverize | 1 | |
13 total
» buildings
| Orc Burrow | 8 | |
| Barracks | 1 | |
| Altar of Storms | 1 | |
| Voodoo Lounge | 2 | |
| War Mill | 1 | |
| Stronghold | 1 | |
| Great Hall | 2 | |
| Fortress | 1 | |
| Beastiary | 2 | |
| Tauren Totem | 2 | |
21 total
» build order
00:22 Orc Burrow
00:37 Barracks
00:54 Altar of Storms
01:46 Orc Burrow
02:30 Voodoo Lounge
02:39 Orc Burrow
03:06 War Mill
06:28 Stronghold
06:33 Orc Burrow
06:56 Orc Burrow
08:33 Great Hall
13:17 Fortress
16:02 Beastiary
16:20 Beastiary
19:34 Tauren Totem
19:50 Tauren Totem
23:11 Voodoo Lounge
25:15 Orc Burrow
25:18 Orc Burrow
25:39 Orc Burrow
25:52 Great Hall
» items
| Healing Salve | 4 | |
| Lesser Clarity Potion | 1 | |
| Circlet of Nobility | 2 | |
| Potion of Mana | 1 | |
| Orb of Lightning | 1 | |
9 total

»
nub-dub (
red | 27 APM | 903 actions | 33:30)
10 Tauren Chieftain
3 War Stomp
3 Endurance Aura
1 Reincarnation
3 Shockwave
» actions
| Assign group hotkey | 55 | |
| Basic commands | 7 | |
| Build / train | 69 | |
| ESC pressed | 6 | |
| Enter build submenu | 15 | |
| Enter hero's abilities submenu | 10 | |
| Give item / drop item | 1 | |
| Right click | 377 | |
| Select / deselect | 219 | |
| Select group hotkey | 55 | |
| Use ability | 89 | |
903 total
» units
| Peon | 7 | |
| Grunt | 6 | |
| Forest Troll Shadow Priest | 1 | |
| Shaman | 5 | |
| Tauren | 11 | |
30 total
» upgrades
| Melee Weapons | 3 | |
| Armor | 2 | |
| Shaman Training | 2 | |
| Pulverize | 1 | |
| Reinforced Defenses | 1 | |
| Spiked Barricades | 1 | |
10 total
» buildings
| Altar of Storms | 1 | |
| Orc Burrow | 6 | |
| Barracks | 1 | |
| War Mill | 1 | |
| Voodoo Lounge | 1 | |
| Stronghold | 1 | |
| Spirit Lodge | 2 | |
| Fortress | 1 | |
| Tauren Totem | 2 | |
16 total
» build order
00:18 Altar of Storms
00:27 Orc Burrow
00:48 Barracks
01:42 Orc Burrow
02:04 War Mill
02:18 Voodoo Lounge
03:30 Stronghold
04:22 Orc Burrow
05:18 Orc Burrow
05:58 Spirit Lodge
05:59 Fortress
06:52 Spirit Lodge
07:35 Orc Burrow
08:35 Tauren Totem
09:00 Tauren Totem
15:09 Orc Burrow
» items
| Healing Salve | 4 | |
| Scroll of Speed | 2 | |
| Potion of Healing | 2 | |
| Scroll of Town Portal | 4 | |
| Potion of Lesser Invulnerability | 1 | |
| Scroll of Healing | 1 | |
| Potion of Mana | 1 | |
| Orb of Lightning | 1 | |
16 total
Chat log
(00:17 / Allies) WillskE: untis?
(00:24 / Allies) WillskE: units? *
(00:28 / Allies) nub-dub: melee
(00:29 / Allies) WillskE: rush?
(00:37 / Allies) iGank-: air
(00:46 / Allies) iGank-: wait
(00:48 / Allies) iGank-: mass range
(00:51 / Allies) WillskE: rush
(00:52 / Allies) nub-dub: well seeing as they have 2 hu
(00:54 / Allies) iGank-: yah
(00:55 / Allies) nub-dub: i expect mass footie
(01:00 / Allies) iGank-: ill hunts
(01:18 / Allies) WillskE: red hero?
(01:23 / Allies) nub-dub: tc
(01:26 / Allies) iGank-: im kotg
(01:33 / Allies) iGank-: no bm
(02:05 / Allies) WillskE: sh or seer?
(02:10 / Allies) iGank-: bm
(02:14 / Allies) WillskE: ok..
(05:13 / Allies) nub-dub: ty
(05:21 / Allies) iGank-: cmn
(07:19 / Allies) iGank-: brb
(07:26 / Allies) nub-dub: dont chase
(08:14 / Allies) WillskE: yu take
(08:23 / Allies) nub-dub: wood plz
(08:51 / Allies) iGank-: soz
(08:52 / Allies) iGank-: back
(08:58 / Allies) nub-dub: give me wood
(09:15 / Allies) WillskE: gold
(09:23 / Allies) WillskE: what happen to rush rofl
(09:49 / Allies) WillskE: attack>
(09:53 / Allies) nub-dub: let me heal
(09:57 / Allies) iGank-: im ready
(10:14 / Allies) nub-dub: fight
(10:15 / Allies) nub-dub: blue
(11:16 / Allies) iGank-: blue
(11:42 / Allies) WillskE: thought you guys cleard sorry
(11:50 / Allies) nub-dub: now
(11:52 / Allies) nub-dub: counter
(13:02 / Allies) nub-dub: pullb
(13:03 / Allies) nub-dub: b
(13:03 / Allies) nub-dub: b
(13:04 / Allies) nub-dub: b
(13:39 / Allies) nub-dub: b
(13:39 / Allies) nub-dub: b
(13:40 / Allies) nub-dub: b
(13:40 / Allies) nub-dub: b
(13:40 / Allies) nub-dub: b
(13:41 / Allies) nub-dub: b
(13:41 / Allies) nub-dub: b
(13:41 / Allies) nub-dub: b
(13:54 / Allies) nub-dub: have chims
(13:55 / Allies) nub-dub: soon plz
(14:41 / Allies) nub-dub: buy a tp
(14:42 / Allies) nub-dub: yellow
(14:42 / Allies) nub-dub: now
(14:46 / Allies) iGank-: kk
(15:00 / Allies) nub-dub: gold
(15:00 / Allies) nub-dub: now
(15:20 / Allies) nub-dub: we defend
(15:22 / Allies) nub-dub: if they attack
(15:23 / Allies) nub-dub: then counter
(15:41 / Allies) nub-dub: make air
(15:42 / Allies) nub-dub: or tauren
(15:45 / Allies) nub-dub: no more grunts
(16:05 / Allies) WillskE: wood
(16:32 / Allies) nub-dub: we need to hit
(16:33 / Allies) nub-dub: asap
(16:41 / Allies) nub-dub: defend
(16:41 / Allies) nub-dub: now
(16:42 / Allies) nub-dub: tp
(16:42 / Allies) nub-dub: tp
(17:03 / Allies) nub-dub: fuck yellow
(17:09 / Allies) WillskE: ..
(17:14 / Allies) iGank-: cmn
(17:26 / Allies) WillskE: fuk me
(17:39 / Allies) WillskE: all dead
(17:40 / Allies) WillskE: thanks
(18:12 / Allies) nub-dub: counte
(18:20 / Allies) iGank-: i got ulti
(18:23 / Allies) nub-dub: k
(18:25 / Allies) nub-dub: i need heal
(18:29 / Allies) WillskE: i got no unit
(18:42 / Allies) nub-dub: heal
(18:43 / Allies) nub-dub: yeloow
(18:43 / Allies) nub-dub: now
(18:59 / Allies) WillskE: wood
(19:02 / Allies) WillskE: yellow
(19:34 / Allies) nub-dub: gold
(19:35 / Allies) nub-dub: blue
(19:35 / Allies) nub-dub: now
(19:36 / Allies) WillskE: yellow
(19:41 / Allies) iGank-: yo
(19:44 / Allies) WillskE: wood
(20:13 / Allies) iGank-: i need some bats
(20:17 / Allies) iGank-: for his hippos
(20:18 / Allies) nub-dub: yeah
(20:20 / Allies) nub-dub: bats would help out
(20:22 / Allies) nub-dub: protect chims
(20:26 / Allies) WillskE: k
(20:33 / Allies) nub-dub: coming to heal
(20:35 / Allies) nub-dub: i got
(20:36 / Allies) nub-dub: tp
(20:39 / Allies) nub-dub: yellow get ready
(20:39 / Allies) iGank-: hippos chomp thru chim
(20:43 / Allies) WillskE: save me
(21:15 / Allies) nub-dub: yellow
(21:16 / Allies) nub-dub: ready?
(21:18 / Allies) nub-dub: to tp?
(21:42 / Allies) nub-dub: um careful
(21:54 / Allies) nub-dub: tp
(21:54 / Allies) nub-dub: tp
(21:55 / Allies) nub-dub: tp
(23:12 / Allies) WillskE: wood
(24:40 / Allies) nub-dub: make aa
(25:18 / Allies) nub-dub: get orb
(25:51 / Allies) nub-dub: b
(25:51 / Allies) nub-dub: b
(25:55 / Allies) nub-dub: make fucking
(25:55 / Allies) nub-dub: aa
(25:56 / Allies) nub-dub: i got melee
(26:02 / Allies) iGank-: hurry i need bats
(27:15 / Allies) nub-dub: now
(27:30 / Allies) WillskE: expo
(28:31 / Allies) nub-dub: now
(28:36 / Allies) nub-dub: get fuckign together
(29:25 / Allies) iGank-: kill all
(29:47 / Allies) WillskE: hahah dumb as
(29:49 / Allies) WillskE: attack
(32:50 / All) iGank-: gg yo